 Dungeon Crawl Stone Soup version 0.30-a0-39-g42789b21ef (webtiles) character file.

Game seed: 3363878090815438623

1 drugrobin the Sneak (level 1, 0/18 HPs)
             Began as a Demigod Delver on Aug 28, 2022.
             Slain by a hound (4 damage)
             ... on level 4 of the Dungeon.
             The game lasted 00:02:00 (452 turns).

drugrobin the Sneak (Demigod Delver)                 Turns: 452, Time: 00:02:01

Health: 0/18       AC:  3    Str: 13    XL:     1   Next: 13%
Magic:  3/3        EV: 11    Int: 12    God:
Gold:   14         SH:  0    Dex: 15    Spells: 0/0 levels left

rFire   . . .      SeeInvis .    a - +0 short sword
rCold   . . .      Faith    .    (no shield)
rNeg    . . .      Spirit   .    b - +0 leather armour
rPois   .          Reflect  .    (no helmet)
rElec   .          Harm     .    (no cloak)
rCorr   .          Rampage  .    (no gloves)
Will    .....                    (no boots)
Stlth   +++.......               (no amulet)
HPRegen 0.06/turn                (no ring)
MPRegen 0.08/turn                (no ring)

@: hasted, very quick
A: high MP 1, forlorn, divine attributes
a: no special abilities


You were on level 4 of the Dungeon.
You visited 1 branch of the dungeon, and saw 2 of its levels.

You collected 14 gold pieces.

Inventory:

Hand Weapons
 a - a +0 short sword (weapon)
Armour
 b - a +0 leather armour (worn)
Scrolls
 c - a scroll of fog
 e - a scroll of fear
Potions
 f - a potion of haste
 h - a potion of experience {unknown}
 i - a potion of ambrosia {unknown}
 j - a potion of curing {unknown}


   Skills:
 - Level 2.6 Fighting
 + Level 1.9 Short Blades
 - Level 1.7 Dodging
 - Level 4.5 Stealth


You couldn't memorise any spells.
You didn't know any spells.
Your spell library was empty.

Dungeon Overview and Level Annotations

Branches:
Dungeon (5/15)
 Temple: D:4-7

Annotations:
D:4 Pikel
D:5 exclusions: adder, howler monkey and ogre


Innate Abilities, Weirdness & Mutations

You have an increased reservoir of magic. (+10% MP)
You shall have no god before yourself.
Your divine heritage dramatically boosts your attributes as you level up.


Message History

The hound closely misses you. The hound barely misses you.
You climb upwards.
Level annotation: Pikel
There is a stone staircase leading down here.
Unknown command.
Unknown command.
Unknown command.
As you read the scroll of magic mapping, it crumbles to dust.
You feel aware of your surroundings.
You sensed 1 altar.
The hound barely misses you.
Unknown command.
Unknown command.
Aiming: Dig
Press: ? - help, Shift-Dir - straight line A rock wall.
The rock shatters into small pieces.
The hound bites you. The hound barely misses you.
The lemure attacks as you move away! The lemure misses you.
The hound bites you. The lemure attacks as you move away!
The lemure hits you but does no damage. The hound bites you.
You feel yourself speed up. The hound barely misses you.
The hound attacks as you move away! The hound bites you.
A lemure comes into view.
The lemure shouts!
The hound pauses to sniff the ground.
Aiming: Dig
Press: ? - help, Shift-Dir - straight line A rock wall.
The rock shatters into small pieces.
The now-empty wand crumbles to dust.
The hound bites you. The hound attacks as you move away! The hound misses you.
The hound attacks as you move away! The hound bites you.
* * * LOW HITPOINT WARNING * * *
Unknown command.
Unknown command.
The hound attacks as you move away! The hound closely misses you.
The hound attacks as you move away! The hound barely misses you.
The hound attacks as you move away! The hound bites you.
You die...

*** *,,,** *,* *,,,,* *,*
****,,,,****,* ****#####
*,,,,,,,,,**,, ,,,,,...#
*,,,,,,,,,,,,, **#####.####
*,,,,,,,,,**,, * #........#
*,**,,,,***,,, *
#.#*#.#5.########*,**,,,,**,,,, *
#.# #..#.5...h@.#*,**,,,,***,,,
#.###.##.########*,******* **,*
#.##5..#.# *,,,,,* *,* #.#.##.#.#
*,***,* *,* #.5##*.#.# *,,**,*
**+* * #>####.#.# *,,**,* **,,,
**#...5....# *,,,,,* **,,,,
,*#####..### **,******,,,,,
,,****,.5#**********,,,****,,,,<,


You could see 2 lemures and a hound.

Vanquished Creatures
  A quokka (D:5)
1 creature vanquished.

Notes
Turn   | Place    | Note
-------+----------+-------------------------------------------
     0 | D:5      | drugrobin the Demigod Delver began the quest for the Orb.
     0 | D:5      | Reached XP level 1. HP: 18/18 MP: 3/3
    29 | D:5      | Noticed an ogre
    49 | D:5      | Noticed a water moccasin
    86 | D:5      | Noticed a howler monkey
   299 | D:4      | Noticed a lemure
   299 | D:4      | Noticed a lemure
   299 | D:4      | Noticed Pikel
   348 | D:5      | Noticed a hound
   400 | D:5      | Noticed a hound
   441 | D:4      | Noticed a lemure
   452 | D:4      | Slain by a hound

Illustrated notes

Levels and vault maps discovered:
D:4:      layout_loops_corners, vehumet_altar_wand_db, uniq_pikel
D:5:      layout_basic, gammafunk_temple_overflow_pools,
          hangedman_abyss_or_decor_stagger, uniq_duvessa

Action                   || total
-------------------------++-------
Melee: Short sword       ||     5
       Punch             ||     1
Evoke: Wand              ||     3
  Use: Scroll            ||     1
       Potion            ||     1
Armor: Leather armour    ||     1
Dodge: Dodged            ||    12

Table legend: (Time is in decaauts)
 A = Elapsed time spent in this place.
 B = Non-inter-level travel time spent in this place.
 C = Inter-level travel time spent in this place.
 D = Time resting spent in this place.
 E = Time spent auto-exploring this place.
 F = Levels seen in this place.
 G = Mean time per level.
                   A        B        C        D        E       F      G
               +--------+--------+--------+--------+--------+-----+--------+
         Total |    448 |    408 |     40 |    108 |     85 |   2 |  224.0 |
       Dungeon |    448 |    408 |     40 |    108 |     85 |   2 |  224.0 |
               +--------+--------+--------+--------+--------+-----+--------+

Top non-repeatable levels by time:
     D:5: 424 daAuts
     D:4: 24 daAuts
